nox, chaotic female human Ranger --- .|^---- .......| -.....| ----..| |..-- |...---- --....|.. --....... -..).[.< G...... ...h... ...@... -..d..- --..--- |.%%# |..| # ---- nox the Lookout Experience level: 5 Strength: 16 Dexterity: 12 Constitution: 14 Intelligence: 13 Wisdom: 13 Charisma: 7 Health: 0(32) Energy: 23(23) Def: 15 Gold: 200 Moves: 632 Dungeon seed: R4xDhsVpxSqp1Ete Game ID: nox_1544638503 Your Inventory: Coins $ - 200 gold pieces Weapons a - an uncursed +1 dagger (weapon in hand) b - a blessed +2 bow (alternate weapon; not wielded) c - 54 uncursed +2 arrows (in quiver) d - 31 uncursed +0 arrows v - 5 uncursed +0 darts Armor e - a blessed +2 cloak of displacement (being worn) r - an uncursed +3 chain mail (being worn) y - a cursed +0 dwarvish iron helm (being worn) z - an uncursed +0 pair of iron shoes (being worn) Comestibles f - 5 uncursed cram rations h - 2 uncursed tripe rations j - 2 uncursed melons l - an uncursed food ration Scrolls i - an uncursed scroll of scare monster Potions k - an uncursed potion of monster detection o - an uncursed potion of fruit juice Wands g - an uncursed wand of slow monster (0:3) Tools p - an uncursed partly used wax candle (lit) (0:299) u - an uncursed +0 pick-axe Gems n - an uncursed worthless piece of green glass q - 2 uncursed worthless pieces of black glass N - 2 uncursed worthless pieces of orange glass Y - an uncursed worthless piece of white glass Spells and supernatural/magical abilities: Name Level Category Fail Memory W - pray for help -- divine ? -- Your skills at the end: Miscellaneous Skills wands [Basic] stealth [Skilled] Weapon Skills dagger [Basic] bow [Basic] Spellcasting Skills Final Attributes: You were piously aligned. You had automatic searching. You were displaced. You were somewhat stealthy. You are dead. Vanquished creatures: 3 gnome lords a gnomish wizard 3 dwarves 2 hobbits a large kobold 9 gnomes 2 jackals a kobold 3 newts a goblin a lichen a kobold zombie 28 creatures vanquished. Voluntary challenges: You were vegetarian. You did not adorn yourself with jewelry or accessories. You did not cause conflict. You were not invisible. You did not have reflection. You were an atheist. You used a wielded weapon 35 times, starting on turn 149. You did not apply a unicorn horn. You did not use plumbed fixtures. You did not drink any magical draughts. You read items or engraved 1 time, starting on turn 305. You never genocided any monsters. You never polymorphed an object. You never changed form. You used no wishes. You never split a pudding. You never wrote Elbereth's name. You never violated your personal moral code. Dungeon overview: The Dungeons of Doom: levels 1 to 2 Level 1 a long staircase Level 2 a fountain stairs to The Gnomish Mines The Gnomish Mines: levels 3 to 4 Level 3 stairs to The Dungeons of Doom Level 4 <- You were here History has recorded: On T:1 you entered the Dungeons of Doom to retrieve the Amulet of Yendor! On T:113 you reached level 2 of The Dungeons of Doom. On T:299 you reached level 1 of The Gnomish Mines. On T:301 you advanced to experience level 2. On T:319 you advanced to experience level 3. On T:468 you advanced to experience level 4. On T:551 you reached level 2 of The Gnomish Mines. On T:619 you advanced to experience level 5. Score breakdown: Gold: 200 ( 20 points) Experience: 5 levels ( 400 points) Exploration: 4 levels ( 90 points) Discoveries: 12 items ( 600 points) Variety of kills: 12 monsters ( 600 points) Major goal: (nothing yet) ( 0 points) Survival: died (score multiplied by 3) Total score: 5130 Latest messages: The gnome lord punches you! You kill the gnome lord! Welcome to experience level 5. There are several objects here. There are a few objects here. There are a few objects here. (2x) You stab the gnome. The dwarf lord wields a pick-axe! The dwarf lord swings his pick-axe at you. The dwarf lord hits you!   bites the gnome. The gnome is killed! You have a little trouble lifting q - a black gem. You have a little trouble lifting Y - a white gem. The dwarf lord swings his pick-axe at you. The dwarf lord hits you! The dwarf lord swings his pick-axe at you. The dwarf lord hits you! You die... Final status: Goodbye nox the Ranger, killed by a dwarf lord... You died in The Gnomish Mines on dungeon level 4 with 5130 points, and 200 pieces of gold, after 632 moves. You were level 5 with a maximum of 32 hit points when you died.